 Dungeon Crawl Stone Soup version 0.20-a0-993-gba41c3c (webtiles) character file.

7 Monsterracer the Ruffian (level 2, -2/27 HPs)
             Began as a Naga Transmuter on Apr 11, 2017.
             Slain by a jackal (3 damage)
             ... on level 1 of the Dungeon.
             The game lasted 00:01:16 (139 turns).

Monsterracer the Ruffian (Naga Transmuter)           Turns: 139, Time: 00:01:17

Health: -2/27      AC:  2    Str: 11 (12) XL:     2   Next: 4%
Magic:  3/5        EV: 10    Int: 12 (13) God:
Gold:   19         SH:  0    Dex: 11      Spells: 4/5 levels left

rFire    . . .     SeeInvis +     - Unarmed
rCold    . . .     Gourm    .   (no shield)
rNeg     . . .     Faith    .   b - +0 robe
rPois    +         Spirit   .   (no helmet)
rElec    .         Reflect  .   (no cloak)
rCorr    .         Harm     .   (no gloves)
MR       .....     Rnd*Tele +   (no barding)
Stlth    +.........             (no amulet)
Regen    0.1/turn               (no ring)
MPRegen  0.1/turn               (no ring)

@: short of breath, appendage, very slow
A: horns 2, see invisible, deformed body, deterioration 1, poison resistance,
robust 1, shaggy fur 1, slowness 2, slow metabolism 1, spit poison 1,
teleportitis 1, AC +0
a: Spit Poison, End Transformation


You were on level 1 of the Dungeon.
You were not hungry.
You had grown temporary horns.
You visited 1 branch of the dungeon, and saw 1 of its levels.

You collected 19 gold pieces.

Inventory:

Missiles
 a - 12 arrows
Armour
 b - a +0 robe (worn)
Scrolls
 e - a scroll of teleportation {unknown}
Books
 c - a book of Changes

   Spells                             Type                      Level
   a - Beastly Appendage              Transmutation                1
   b - Sticks to Snakes               Transmutation                2
   c - Spider Form                    Transmutation/Poison         3
   d - Ice Form                       Ice/Transmutation            4
   e - Blade Hands                    Transmutation                5
Comestibles
 d - a bread ration


   Skills:
 - Level 1.0 Fighting
 - Level 1.5 Dodging
 + Level 3.2 Unarmed Combat
 - Level 2.0 Spellcasting
 * Level 2.4 Transmutations


You had 4 spell levels left.
You knew the following spells:

 Your Spells              Type           Power        Failure   Level  Hunger
a - Beastly Appendage     Tmut           #.....       12%         1    ##.....


Dungeon Overview and Level Annotations

Branches:
Dungeon (1/15)

Altars:


Innate Abilities, Weirdness & Mutations

You cannot wear boots.
Your serpentine skin is tough. (AC +0)
You have supernaturally acute eyesight. (SInv)
Armour fits poorly on your strangely shaped body.
Your system is resistant to poisons. (rPois)
You cover ground very slowly.
You have a slow metabolism.
You can spit poison.
You have a pair of horns on your head.
Your body sometimes deteriorates upon taking damage.
You are robust. (+10% HP)
You are covered in fur. (AC +1)
You are occasionally teleported next to monsters.


Message History

You barely miss the jackal.
The jackal is almost dead.
The jackal misses you. The rat barely misses you.
Press: ? - help, Shift-Dir - straight line, f - jackal
Aim: a jackal The splash of poison hits the jackal.
You kill the jackal!
You have reached level 2!
You feel slightly more hungry.
Your horns disappear.
The rat bites you.
* * * LOW HITPOINT WARNING * * *
Your body deteriorates!
You feel dopey.
Casting: Beastly Appendage
Confirm with . or Enter, or press ? or * to list all spells.
You grow a pair of large bovine horns.
The rat bites you but does no damage.
You hit the jackal.
The jackal is severely wounded.
The jackal bites you.
You die...

...........
#...............
##...............
.................
#...............
#.............[.
#.
#...............
#.#
#....†..†r......
#.#
##...†..@h......
#.#
###......##......
#.#
##...#####........
#.###..###
........ #.....##
.!#..... ###..####
..# #### .....##
.## ......# .#
.##.#..# .#


You could see a jackal and a rat.

Vanquished Creatures
  A ball python (D:1)
  A hobgoblin (D:1)
  3 jackals (D:1)
  A goblin (D:1)
6 creatures vanquished.

Notes
Turn   | Place    | Note
-------+----------+-------------------------------------------
     0 | D:1      | Monsterracer the Naga Transmuter began the quest for the Orb.
     0 | D:1      | Reached XP level 1. HP: 18/18 MP: 3/3
     6 | D:1      | Noticed an iguana
     6 | D:1      | Noticed a soldier ant
     7 | D:1      | Noticed an ettin
    71 | D:1      | Gained mutation: You are robust. (+10% HP) [potion of mutation]
    71 | D:1      | Gained mutation: You are occasionally teleported next to monsters. [potion of mutation]
    71 | D:1      | Gained mutation: Your body sometimes deteriorates upon taking damage. [potion of mutation]
    71 | D:1      | Gained mutation: You are covered in fur. (AC +1) [potion of mutation]
   137 | D:1      | Reached XP level 2. HP: 4/27 MP: 3/5
   137 | D:1      | HP: 1/27 [rat (3)]
   139 | D:1      | Slain by a jackal

Vault maps used:
D:1:      onia_arrival_zoo_common

Action                   || total
-------------------------++-------
Melee: Unarmed           ||    19
       Headbutt          ||     1
 Cast: Beastly Appendage ||     3
 Abil: Spit Poison       ||     1
  Use: Potion            ||     2
Armor: Robe              ||     4
Dodge: Dodged            ||    12
